 Dungeon Crawl Stone Soup version 0.31-a0-825-gf28bc0971e (webtiles) character file.

Game seed: 17266481653045600669

13649 qw the Marksgargoyle (level 12, -3/78 HPs)
             Began as a Gargoyle Hunter on Sept 23, 2023.
             Was a Priest of Okawaru.
             Killed from afar by an acid dragon (11 damage)
             ... with a splash of acid
             ... on level 11 of the Dungeon.
             The game lasted 00:04:16 (9396 turns).

qw the Marksgargoyle (Gargoyle Hunter)              Turns: 9396, Time: 00:04:16

Health: -3/78      AC: 13    Str: 14    XL:     12   Next: 8%
Magic:  15/15      EV: 22    Int: 12    God:    Okawaru [***...]
Gold:   719        SH:  5    Dex: 17    Spells: 11/11 levels left

rFire   + . .        n - +0 arbalest
rCold   + . .        (shield currently unavailable)
rNeg    + . .        l - +2 leather armour {rC+}
rPois   inf          c - +0 helmet
rElec   +            (no cloak)
rCorr   .            d - +0 pair of gloves
SInv    .            a - +0 pair of boots
Will    .....        k - amulet of reflection
Stlth   +++          f - +5 ring of evasion
HPRegen 0.33/turn    b - ring of protection from fire
MPRegen 0.14/turn

%: reflection
@: about to teleport, heroic, corroded
A: sickness immunity, AC +8, negative energy resistance 1, electricity
resistance, torment resistance 1, petrification resistance, iridescent scales 1
a: Renounce Religion, Heroism


You were on level 11 of the Dungeon.
You worshipped Okawaru.
Okawaru was most pleased with you.
You visited 2 branches of the dungeon, and saw 12 of its levels.
You also visited: Sewer.

You collected 752 gold pieces.
You spent 33 gold pieces at shops.


Innate Abilities, Weirdness & Mutations

You are immune to sickness and miasma.
Your stone body is resilient. (AC +8)
You are immune to poison.
You resist negative energy. (rN+)
You are resistant to electric shocks. (rElec)
You are resistant to unholy torment.
You are immune to petrification.
You are partially covered in iridescent scales. (AC +2)


   Skills:
 - Level 10.4(15.4) Fighting
 + Level 15.1(20.1) Ranged Weapons
 - Level 4.0(9.0) Armour
 - Level 5.0(10.0) Dodging
 - Level 1.1(6.1) Stealth
 - Level 4.4 Invocations


You had 11 spell levels left.
You didn't know any spells.
Your spell library was empty.

Inventory:

Hand Weapons
 n - a +0 arbalest (weapon)
Armour
 a - a +0 pair of boots (worn)
 c - a +0 helmet (worn)
 d - a +0 pair of gloves (worn)
 l - a +2 leather armour of cold resistance (worn)
Jewellery
 b - a ring of protection from fire (right hand)
 f - a +5 ring of evasion (left hand)
 i - a ring of positive energy
 k - an amulet of reflection (around neck)
 s - a ring of resist corrosion
Scrolls
 p - 2 scrolls of identify
Potions
 e - a potion of mutation
 h - a potion of enlightenment
 j - a potion of invisibility {unknown}
 t - a potion of curing

Dungeon Overview and Level Annotations

Branches:
Dungeon (11/15)            Temple (1/1) D:7             Orc (0/2) D:10
  Sewer (visited)
   Lair: D:8-11

Altars:
Ashenzari
Cheibriados
Dithmenos
Elyvilon
Fedhas
Gozag
Hepliaklqana
Kikubaaqudgha
Makhleb
Nemelex Xobeh
Okawaru
Qazlal
Ru
Sif Muna
Trog
Uskayaw
Vehumet
Wu Jian
Xom
Yredelemnul
Zin
The Shining One

Shops:
D:10 *

Portals:
Abyss: D:5

Annotations:
D:5 2 transporters, qw's ghost, amateur DEHu


Message History

Okawaru accepts your kill.
Your base Dodging skill increases to level 5!
You start resting.
Magic restored.
You start resting.
You feel like a meek peon again.
An acid dragon is nearby!
9376 ||| INVOKING Heroism.
You gain the combat prowess of a mighty hero.
You start resting.
Magic restored.
You shoot a bolt. The acid dragon roars!
The bolt hits the acid dragon.
The acid dragon is moderately wounded.
An acid dragon comes into view.
The acid dragon spits acid at you. The splash of acid hits you!!
The acid corrodes you!
You shoot a bolt.
The bolt hits the acid dragon but does no damage.
You shoot a bolt.
The bolt closely misses the acid dragon.
The acid dragon spits acid at you. The splash of acid misses you.
You hear a shout!
You shoot a bolt. The bolt hits the acid dragon!
The acid dragon is moderately wounded.
You shoot a bolt. The bolt hits the acid dragon.
The acid dragon is heavily wounded.
The acid dragon spits acid at you. The splash of acid hits you!!
The acid corrodes you!
9395 ||| READING scroll of teleportation.
As you read the scroll of teleportation, it crumbles to dust.
You feel strangely unstable.
A troll comes into view.
You shoot a bolt.
The bolt completely misses the acid dragon.
The acid dragon spits acid at you. The splash of acid hits you!
You die...

#..### .#
.#...#. #..#
..# .#...# #
#..# ....
.......#
#.##..###
#...# ..#...#
#........
...#.(.#..
#.##..... .T#
.$#D.!#
#........
#...#D..#
#.##..###
#..@# #
#..###
............#
# #.....
....##...#.##
##.##..###
... ##..# %.
........# .
##.# #####.
.....# .#
#.....###.#.#
..
.............
..
#.....#.#.#.#
#.........#..


You could see a troll and 2 acid dragons.

Vanquished Creatures
  Harold (D:10)
  A hydra (D:9)
  Erolcha (D:10)
  Erica (D:9)
  A centaur warrior (D:11)
  A two-headed ogre (D:9)
  A cyclops (D:11)
  2 manticores (D:11)
  Joseph (D:7)
  A gargoyle (D:11)
  Psyche (D:8)
  A troll (D:11)
  A hornet (D:8)
  2 dream sheep (D:9)
  2 vampires
  A wraith (D:11)
  11 yaks
  4 wyverns
  A steam dragon (D:8)
  Menkaure (D:7)
  2 vampire mosquitoes (D:11)
  An acid dragon (D:11)
  Duvessa (D:7)
  A water moccasin (Sewer)
  3 orc warriors
  3 black bears
  An ice beast (D:6)
  A sky beast (D:6)
  3 centaurs
  2 ogres
  A phantom (D:6)
  3 kobold brigands (D:9)
  5 bullfrogs
  2 gnoll sergeants
  9 scorpions
  5 wights
  8 killer bees
  Dowan (D:7)
  3 howler monkeys (D:9)
  3 electric eels
  A jelly (D:8)
  A gnoll bouda (D:6)
  3 orc priests
  3 hounds
  A sleepcap (D:8)
  Jessica (D:2)
  5 iguanas
  4 orc wizards (D:6)
  13 gnolls
  6 adders
  2 shadow imps
  2 white imps
  3 worms
  4 dart slugs
  18 orcs
  9 ball pythons
  11 bats
  11 endoplasms
  4 giant cockroaches
  14 goblins
  8 hobgoblins
  10 jackals
  8 kobolds
  11 quokkas
  3 frilled lizards
  A rat (D:3)
251 creatures vanquished.

Vanquished Creatures (others)
  An orc (D:7)
1 creature vanquished.

Grand Total: 252 creatures vanquished

Notes
Turn   | Place    | Note
-------+----------+-------------------------------------------
     0 | D:1      | qw the Gargoyle Hunter began the quest for the Orb.
     0 | D:1      | Reached XP level 1. HP: 12/12 MP: 1/1
     0 | D:1      | 0 ||| qw: Version: 0.3-a-83-gcd0e7d8
     0 | D:1      | 0 ||| qw: Game counter: 1811
     0 | D:1      | 0 ||| qw: Melee chars always use a shield: true
     0 | D:1      | 0 ||| qw: God list: Okawaru
     0 | D:1      | 0 ||| qw: Allow faded altars: false
     0 | D:1      | 0 ||| qw: Do Orc after clearing Dungeon:15 true
     0 | D:1      | 0 ||| qw: Do second Lair branch before Depths: true
     0 | D:1      | 0 ||| qw: Lair rune preference: random
     0 | D:1      | 0 ||| qw: Goals: Normal
     0 | D:1      | 0 ||| PLANNING D:1-11
    84 | D:1      | Reached XP level 2. HP: 8/17 MP: 2/2
   655 | D:1      | Reached XP level 3. HP: 21/21 MP: 3/3
   885 | D:1      | 885 ||| UPGRADING to +5 ring of evasion.
   886 | D:1      | 886 ||| READING 3 scrolls labelled NEONNE MOISTROKH.
   887 | D:1      | 887 ||| READING scroll labelled HEAXAE NIDDEC.
   888 | D:1      | 888 ||| READING scroll labelled ESITUG UGOSH.
   889 | D:1      | 889 ||| READING scroll labelled JIABAI MAUS.
   903 | D:1      | 903 ||| DROPPING 2 scrolls of revelation.
   904 | D:1      | 904 ||| DROPPING scroll of butterflies.
   992 | D:2      | 992 ||| READING scroll of enchant weapon.
   992 | D:2      | 992 ||| ENCHANTING +1 shortbow.
  1016 | D:2      | Noticed Jessica
  1023 | D:2      | Killed Jessica
  1024 | D:2      | Reached skill level 5 in Ranged Weapons
  1075 | D:2      | 1075 ||| READING scroll of enchant weapon.
  1075 | D:2      | 1075 ||| ENCHANTING +2 shortbow.
  1251 | D:2      | Found a faded altar of an unknown god.
  1426 | D:2      | Reached XP level 4. HP: 27/27 MP: 4/4
  1861 | D:2      | 1861 ||| UPGRADING to +0 pair of boots.
  1866 | D:2      | 1866 ||| UPGRADING to +0 pair of gloves.
  1871 | D:2      | 1871 ||| DRINKING 2 pink potions.
  2021 | D:3      | Reached skill level 3 in Fighting
  2086 | D:3      | Found a white marble altar of Elyvilon.
  2206 | D:3      | Reached skill level 1 in Armour
  2263 | D:3      | Found an ornate altar of the Wu Jian Council.
  2271 | D:3      | 2271 ||| Stepping ~*~*~tactically~*~*~ (retreating).
  2272 | D:3      | 2272 ||| Stepping ~*~*~tactically~*~*~ (retreating).
  2273 | D:3      | 2273 ||| Stepping ~*~*~tactically~*~*~ (retreating).
  2274 | D:3      | 2274 ||| RETREEAATING.
  2279 | D:3      | Reached XP level 5. HP: 31/32 MP: 5/5
  2820 | D:3      | 2820 ||| READING scroll labelled DUCOR HASCHO.
  2821 | D:3      | 2821 ||| READING scroll labelled NOCZYO UCIUTS.
  2822 | D:3      | 2822 ||| READING scroll labelled KOVISK SIRREY.
  2823 | D:3      | 2823 ||| DRINKING 2 ruby potions.
  2913 | D:4      | 2913 ||| PLANNING SEWER
  3045 | D:4      | Found a glowing drain.
  3051 | D:4      | Reached skill level 6 in Ranged Weapons
  3055 | Sewer    | Entered a sewer
  3061 | Sewer    | 3061 ||| Stepping ~*~*~tactically~*~*~ (water).
  3109 | Sewer    | Noticed a water moccasin
  3114 | Sewer    | Killed a water moccasin
  3115 | Sewer    | Reached XP level 6. HP: 39/39 MP: 6/6
  3164 | D:4      | 3164 ||| PLANNING D:1-11
  3186 | D:4      | Noticed a wyvern
  3191 | D:4      | Killed a wyvern
  3596 | D:4      | Reached skill level 7 in Ranged Weapons
  3596 | D:4      | Reached XP level 7. HP: 34/44 MP: 7/7
  3667 | D:4      | 3667 ||| RETREEAATING.
  3679 | D:4      | Reached skill level 8 in Ranged Weapons
  3695 | D:4      | Found the +11 Singing Sword {sonic wave}
  3731 | D:4      | Found a glowing golden altar of the Shining One.
  3763 | D:4      | Found a shadowy altar of Dithmenos.
  3765 | D:4      | Found a radiant altar of Vehumet.
  3919 | D:4      | 3919 ||| UPGRADING to +0 ring mail.
  3929 | D:4      | 3929 ||| DROPPING +0 leather armour.
  3930 | D:4      | 3930 ||| READING scroll labelled XIOTEY SIUPNO.
  3980 | D:5      | Entered Level 5 of the Dungeon
  4080 | D:5      | Reached XP level 8. HP: 23/49 MP: 8/8
  4221 | D:5      | Found a transporter.
  4222 | D:5      | Noticed an ancient zyme
  4226 | D:5      | Noticed qw's ghost (amateur DEHu)
  4368 | D:5      | 4368 ||| UPGRADING to +0 helmet.
  4374 | D:5      | 4374 ||| FLEEEEING.
  4375 | D:5      | 4375 ||| FLEEEEING.
  4376 | D:5      | 4376 ||| FLEEEEING.
  4377 | D:5      | 4377 ||| FLEEEEING.
  4378 | D:5      | 4378 ||| FLEEEEING.
  4379 | D:5      | 4379 ||| FLEEEEING.
  4380 | D:5      | 4380 ||| FLEEEEING.
  4381 | D:5      | 4381 ||| FLEEEEING.
  4382 | D:5      | 4382 ||| FLEEEEING.
  4383 | D:5      | 4383 ||| FLEEEEING.
  4384 | D:5      | 4384 ||| FLEEEEING.
  4385 | D:5      | 4385 ||| FLEEEEING.
  4386 | D:5      | 4386 ||| FLEEEEING.
  4387 | D:5      | 4387 ||| FLEEEEING.
  4388 | D:5      | 4388 ||| FLEEEEING.
  4389 | D:5      | 4389 ||| FLEEEEING.
  4390 | D:5      | 4390 ||| FLEEEEING.
  4391 | D:5      | 4391 ||| FLEEEEING.
  4392 | D:5      | 4392 ||| FLEEEEING.
  4394 | D:5      | 4394 ||| FLEEEEING.
  4395 | D:5      | 4395 ||| FLEEEEING.
  4396 | D:5      | 4396 ||| FLEEEEING.
  4397 | D:5      | 4397 ||| FLEEEEING.
  4399 | D:5      | 4399 ||| FLEEEEING.
  4400 | D:5      | 4400 ||| FLEEEEING.
  4408 | D:5      | 4408 ||| FLEEEEING.
  4412 | D:5      | 4412 ||| FLEEEEING.
  4413 | D:5      | 4413 ||| FLEEEEING.
  4416 | D:5      | 4416 ||| FLEEEEING.
  4417 | D:5      | 4417 ||| FLEEEEING.
  4418 | D:5      | 4418 ||| FLEEEEING.
  4418 | D:5      | Found a one-way gate to the infinite horrors of the Abyss.
  4419 | D:5      | 4419 ||| FLEEEEING.
  4420 | D:5      | 4420 ||| FLEEEEING.
  4421 | D:5      | 4421 ||| FLEEEEING.
  4422 | D:5      | 4422 ||| FLEEEEING.
  4423 | D:5      | 4423 ||| FLEEEEING.
  4424 | D:5      | 4424 ||| FLEEEEING.
  4425 | D:5      | 4425 ||| FLEEEEING.
  4426 | D:5      | 4426 ||| FLEEEEING.
  4427 | D:5      | 4427 ||| FLEEEEING.
  4428 | D:5      | 4428 ||| FLEEEEING.
  4432 | D:5      | 4432 ||| FLEEEEING.
  4433 | D:5      | 4433 ||| FLEEEEING.
  4434 | D:5      | 4434 ||| FLEEEEING.
  4437 | D:5      | 4437 ||| FLEEEEING.
  4438 | D:5      | 4438 ||| FLEEEEING.
  4439 | D:5      | 4439 ||| FLEEEEING.
  4440 | D:5      | 4440 ||| FLEEEEING.
  4441 | D:5      | 4441 ||| FLEEEEING.
  4442 | D:5      | 4442 ||| FLEEEEING.
  4443 | D:5      | 4443 ||| FLEEEEING.
  4445 | D:5      | 4445 ||| FLEEEEING.
  4446 | D:5      | 4446 ||| FLEEEEING.
  4447 | D:5      | 4447 ||| FLEEEEING.
  4450 | D:5      | 4450 ||| FLEEEEING.
  4451 | D:5      | 4451 ||| FLEEEEING.
  4452 | D:5      | 4452 ||| FLEEEEING.
  4454 | D:5      | 4454 ||| FLEEEEING.
  4455 | D:5      | 4455 ||| FLEEEEING.
  4456 | D:5      | 4456 ||| FLEEEEING.
  4457 | D:5      | 4457 ||| FLEEEEING.
  4458 | D:5      | 4458 ||| FLEEEEING.
  4459 | D:5      | 4459 ||| FLEEEEING.
  4460 | D:5      | 4460 ||| FLEEEEING.
  4461 | D:5      | 4461 ||| FLEEEEING.
  4462 | D:5      | 4462 ||| FLEEEEING.
  4463 | D:5      | 4463 ||| FLEEEEING.
  4464 | D:5      | 4464 ||| FLEEEEING.
  4467 | D:5      | 4467 ||| FLEEEEING.
  4468 | D:5      | 4468 ||| FLEEEEING.
  4469 | D:5      | 4469 ||| FLEEEEING.
  4470 | D:5      | 4470 ||| FLEEEEING.
  4471 | D:5      | 4471 ||| FLEEEEING.
  4474 | D:5      | 4474 ||| FLEEEEING.
  4475 | D:5      | 4475 ||| FLEEEEING.
  4476 | D:5      | 4476 ||| FLEEEEING.
  4477 | D:5      | 4477 ||| FLEEEEING.
  4478 | D:5      | 4478 ||| FLEEEEING.
  4479 | D:5      | 4479 ||| FLEEEEING.
  4480 | D:5      | 4480 ||| FLEEEEING.
  4481 | D:5      | 4481 ||| FLEEEEING.
  4482 | D:5      | 4482 ||| FLEEEEING.
  4483 | D:5      | 4483 ||| FLEEEEING.
  4484 | D:5      | 4484 ||| FLEEEEING.
  4488 | D:5      | 4488 ||| FLEEEEING.
  4490 | D:5      | 4490 ||| FLEEEEING.
  4491 | D:5      | 4491 ||| FLEEEEING.
  4492 | D:5      | 4492 ||| STAIRDANCE
  4499 | D:5      | 4499 ||| STAIRDANCE
  4516 | D:5      | 4516 ||| STAIRDANCE
  4520 | D:5      | 4520 ||| STAIRDANCE
  4524 | D:5      | 4524 ||| STAIRDANCE
  4528 | D:5      | 4528 ||| STAIRDANCE
  4532 | D:5      | 4532 ||| STAIRDANCE
  4536 | D:5      | 4536 ||| STAIRDANCE
  4540 | D:5      | 4540 ||| STAIRDANCE
  4544 | D:5      | 4544 ||| STAIRDANCE
  4548 | D:5      | 4548 ||| STAIRDANCE
  4552 | D:5      | 4552 ||| STAIRDANCE
  4556 | D:5      | 4556 ||| STAIRDANCE
  4560 | D:5      | 4560 ||| STAIRDANCE
  4564 | D:5      | 4564 ||| STAIRDANCE
  4568 | D:5      | 4568 ||| STAIRDANCE
  4572 | D:5      | 4572 ||| STAIRDANCE
  4576 | D:5      | 4576 ||| STAIRDANCE
  4580 | D:5      | 4580 ||| STAIRDANCE
  4584 | D:5      | 4584 ||| STAIRDANCE
  4766 | D:5      | Found a transporter.
  4783 | D:5      | Reached skill level 9 in Ranged Weapons
  4893 | D:5      | Reached skill level 3 in Armour
  4995 | D:6      | 4995 ||| PLANNING OSSUARY
  5051 | D:6      | 5051 ||| Stepping ~*~*~tactically~*~*~ (retreating).
  5057 | D:6      | Reached skill level 6 in Fighting
  5200 | D:6      | Reached XP level 9. HP: 55/55 MP: 9/9
  5210 | D:6      | 5210 ||| FLEEEEING.
  5211 | D:6      | 5211 ||| STAIRDANCE
  5215 | D:6      | 5215 ||| STAIRDANCE
  5255 | D:5      | 5255 ||| UPGRADING to amulet of regeneration.
  5260 | D:5      | 5260 ||| READING scroll labelled XARALU YFRAU.
  5261 | D:5      | 5261 ||| READING scroll labelled YPOUSE US AJOIZ.
  5262 | D:5      | 5262 ||| READING 2 scrolls labelled BIOS MUCVUEJYE.
  5263 | D:5      | 5263 ||| DROPPING scroll of fog.
  5266 | D:6      | 5266 ||| STAIRDANCE
  5270 | D:5      | Reached skill level 10 in Ranged Weapons
  5276 | D:6      | 5276 ||| RETREEAATING.
  5277 | D:6      | 5277 ||| STILL RETREEAATING.
  5278 | D:6      | 5278 ||| Stepping ~*~*~tactically~*~*~ (retreating).
  5279 | D:6      | 5279 ||| Stepping ~*~*~tactically~*~*~ (retreating).
  5280 | D:6      | 5280 ||| Stepping ~*~*~tactically~*~*~ (retreating).
  5281 | D:6      | 5281 ||| Stepping ~*~*~tactically~*~*~ (retreating).
  5282 | D:6      | 5282 ||| Stepping ~*~*~tactically~*~*~ (retreating).
  5562 | D:6      | 5562 ||| RIP OSSUARY
  5565 | D:6      | 5565 ||| PLANNING D:1-11
  5707 | D:6      | 5707 ||| READING scroll labelled YGOESUHIOH.
  5708 | D:6      | 5708 ||| DRINKING 2 fuming dark potions.
  5709 | D:6      | 5709 ||| DRINKING 2 green potions.
  5710 | D:6      | 5710 ||| DROPPING potion of brilliance.
  5711 | D:6      | 5711 ||| DROPPING potion of magic.
  5756 | D:7      | Noticed Menkaure
  5769 | D:7      | Killed Menkaure
  5781 | D:7      | Noticed Dowan
  5782 | D:7      | Noticed Duvessa
  5783 | D:7      | Killed Dowan
  5784 | D:7      | Reached skill level 11 in Ranged Weapons
  5797 | D:7      | Killed Duvessa
  5832 | D:7      | 5832 ||| RETREEAATING.
  5834 | D:7      | 5834 ||| RETREEAATING.
  5838 | D:7      | 5838 ||| Stepping ~*~*~tactically~*~*~ (retreating).
  5846 | D:7      | Reached skill level 3 in Dodging
  5911 | D:7      | Noticed Joseph
  5915 | D:7      | 5915 ||| FLEEEEING.
  5916 | D:7      | 5916 ||| FLEEEEING.
  5917 | D:7      | 5917 ||| FLEEEEING.
  5918 | D:7      | 5918 ||| FLEEEEING.
  5919 | D:7      | 5919 ||| FLEEEEING.
  5920 | D:7      | 5920 ||| FLEEEEING.
  5921 | D:7      | 5921 ||| FLEEEEING.
  5922 | D:7      | 5922 ||| FLEEEEING.
  5923 | D:7      | 5923 ||| FLEEEEING.
  5924 | D:7      | 5924 ||| FLEEEEING.
  5925 | D:7      | 5925 ||| FLEEEEING.
  5931 | D:7      | 5931 ||| FLEEEEING.
  5947 | D:7      | Killed Joseph
  5948 | D:7      | Reached XP level 10. HP: 63/65 MP: 10/10
  6102 | D:7      | Found a staircase to the Ecumenical Temple.
  6104 | D:7      | 6104 ||| PLANNING TEMPLE
  6104 | D:7      | 6104 ||| UPGRADING to +2 leather armour of cold resistance.
  6114 | D:7      | 6114 ||| DROPPING +0 ring mail.
  6115 | D:7      | 6115 ||| DRINKING 2 fizzy brown potions.
  6115 | D:7      | Gained mutation: You are partially covered in iridescent
                  | scales. (AC +2) [potion of mutation]
  6116 | D:7      | 6116 ||| DRINKING 2 emerald potions.
  6117 | D:7      | 6117 ||| READING 3 scrolls of identify.
  6117 | D:7      | 6117 ||| IDENTIFYING bubbling inky potion
  6118 | D:7      | 6118 ||| READING 2 scrolls of identify.
  6118 | D:7      | 6118 ||| IDENTIFYING fizzy green potion
  6119 | D:7      | 6119 ||| DROPPING potion of attraction.
  6120 | D:7      | 6120 ||| DROPPING potion of ambrosia.
  6130 | Temple   | Found a transporter.
  6130 | Temple   | Found a transporter.
  6130 | Temple   | Found a transporter.
  6130 | Temple   | Found a transporter.
  6130 | Temple   | Entered the Ecumenical Temple
  6131 | Temple   | 6131 ||| PLANNING D:1-11
  6151 | Temple   | 6151 ||| PLANNING OKAWARU WORSHIP
  6154 | Temple   | Became a worshipper of Warmaster Okawaru
  6155 | Temple   | 6155 ||| PLANNING D:1-11
  6556 | D:7      | Found a blossoming altar of Fedhas.
  6558 | D:7      | 6558 ||| READING scroll labelled EKOAFO WULUAHI.
  6667 | D:8      | Found an ornate altar of the Wu Jian Council.
  6686 | D:8      | 6686 ||| Stepping ~*~*~tactically~*~*~ (cloud).
  6781 | D:8      | Noticed Psyche
  6795 | D:8      | Killed Psyche
  6795 | D:8      | Reached * piety under Okawaru
  6796 | D:8      | Reached skill level 12 in Ranged Weapons
  6959 | D:8      | 6959 ||| INVOKING Heroism.
  6990 | D:8      | 6990 ||| READING scroll of enchant weapon.
  6990 | D:8      | 6990 ||| ENCHANTING +3 heavy shortbow.
  7048 | D:8      | 7048 ||| READING scroll labelled BEURHO SELIAHA.
  7072 | D:9      | Reached skill level 1 in Invocations
  7073 | D:9      | 7073 ||| STAIRDANCE
  7095 | D:9      | 7095 ||| STAIRDANCE
  7118 | D:9      | 7118 ||| STAIRDANCE
  7261 | D:9      | Reached skill level 3 in Invocations
  7293 | D:9      | 7293 ||| INVOKING Heroism.
  7449 | D:9      | Noticed a two-headed ogre
  7450 | D:9      | 7450 ||| INVOKING Heroism.
  7457 | D:9      | Killed a two-headed ogre
  7457 | D:9      | Reached ** piety under Okawaru
  7579 | D:9      | Noticed Erica
  7580 | D:9      | 7580 ||| INVOKING Heroism.
  7592 | D:9      | Killed Erica
  7593 | D:9      | Reached skill level 13 in Ranged Weapons
  7593 | D:9      | Reached XP level 11. HP: 57/69 MP: 12/14
  7593 | D:9      | 7593 ||| DRINKING potion of curing.
  7593 | D:9      | 7593 ||| (to cure confusion)
  7622 | D:9      | Reached skill level 9 in Fighting
  7681 | D:9      | 7681 ||| INVOKING Heroism.
  7826 | D:9      | Noticed a two-headed hydra
  7827 | D:9      | 7827 ||| INVOKING Heroism.
  7832 | D:9      | Killed a two-headed hydra
  8125 | D:9      | 8125 ||| UPGRADING to ring of protection from fire.
  8170 | D:10     | Entered Level 10 of the Dungeon
  8170 | D:10     | Found a staircase to the Orcish Mines.
  8171 | D:10     | 8171 ||| RETREEAATING.
  8172 | D:10     | 8172 ||| STILL RETREEAATING.
  8173 | D:10     | 8173 ||| STILL RETREEAATING.
  8185 | D:10     | Reached skill level 14 in Ranged Weapons
  8187 | D:10     | 8187 ||| INVOKING Heroism.
  8259 | D:10     | 8259 ||| SWAPPING to +0 arbalest.
  8260 | D:10     | 8260 ||| DROPPING +4 heavy shortbow.
  8264 | D:10     | Identified the +10 mace "Otadu" {flame, rC+}
  8380 | D:10     | Found a broken altar of Ashenzari.
  8426 | D:10     | Noticed Erolcha
  8427 | D:10     | 8427 ||| INVOKING Heroism.
  8433 | D:10     | Killed Erolcha
  8482 | D:10     | Noticed Harold
  8483 | D:10     | 8483 ||| INVOKING Heroism.
  8493 | D:10     | Killed Harold
  8493 | D:10     | Reached *** piety under Okawaru
  8835 | D:10     | Found Xium's General Store.
  8837 | D:10     | 8837 ||| Stepping ~*~*~tactically~*~*~ (retreating).
  8839 | D:10     | 8839 ||| Stepping ~*~*~tactically~*~*~ (retreating).
  8868 | D:10     | 8868 ||| BUYING potion of curing (33 gold).
  8868 | D:10     | Bought a potion of curing for 33 gold pieces
  8943 | D:10     | 8943 ||| UPGRADING to amulet of reflection.
  8953 | D:10     | 8953 ||| DROPPING amulet of the acrobat.
  8954 | D:10     | 8954 ||| DROPPING amulet of regeneration.
  8955 | D:10     | 8955 ||| DROPPING +6 ring of intelligence.
  8956 | D:10     | 8956 ||| READING 2 scrolls of identify.
  8956 | D:10     | 8956 ||| IDENTIFYING sedimented purple potion
  8957 | D:10     | 8957 ||| DROPPING potion of berserk rage.
  9039 | D:11     | 9039 ||| INVOKING Heroism.
  9162 | D:11     | 9162 ||| INVOKING Heroism.
  9165 | D:11     | 9165 ||| RETREEAATING.
  9166 | D:11     | Noticed a centaur warrior
  9167 | D:11     | 9167 ||| Stepping ~*~*~tactically~*~*~ (retreating).
  9177 | D:11     | Noticed a manticore
  9178 | D:11     | Noticed a manticore
  9179 | D:11     | Killed a centaur warrior
  9180 | D:11     | Noticed a cyclops
  9185 | D:11     | 9185 ||| INVOKING Heroism.
  9205 | D:11     | HP: 12/73 [manticore (16)]
  9205 | D:11     | HP: 4/73 [manticore (8)]
  9206 | D:11     | 9206 ||| READING 2 scrolls of teleportation.
  9207 | D:11     | 9207 ||| DRINKING potion of heal wounds.
  9208 | D:11     | 9208 ||| INVOKING Heroism.
  9242 | D:11     | 9242 ||| INVOKING Heroism.
  9249 | D:11     | Killed a cyclops
  9250 | D:11     | Reached skill level 15 in Ranged Weapons
  9295 | D:11     | 9295 ||| INVOKING Heroism.
  9302 | D:11     | Reached XP level 12. HP: 52/78 MP: 13/15
  9312 | D:11     | 9312 ||| INVOKING Heroism.
  9376 | D:11     | 9376 ||| INVOKING Heroism.
  9394 | D:11     | HP: 7/78 [acid dragon/splash of acid (23)]
  9395 | D:11     | 9395 ||| READING scroll of teleportation.
  9396 | D:11     | Killed from afar by an acid dragon

Levels and vault maps discovered:
D:1:      dpeg_arrival_signposts, layout_basic
D:2:      layout_basic, chequers_ecumenical_altar_simple, hex_large,
          uniq_jessica
D:3:      wad_woods_stonehenge, layout_basic, mainiacjoe_overflow_paths
D:4:      old_forge, layout_gridville, nicolae_overflow_hidden_temple,
          cheibrodos_sewer_entry_drain
D:5:      minmay_evil_eye, layout_basic, gammafunk_ghost_abyssal_escape,
          minmay_ogre_servants
D:6:      cheibrodos_barr_body, layout_cave_pools, chequers_ossuary_entry_cave,
          ebering_dispersal_statue_hall
D:7:      layout_rooms, lemuel_coloured_pillars_altar,
          minmay_temple_entry_large_hall, serial_bayou_pond_b, chequers_garden,
          minmay_stone_trees_large, grunt_ministairs_6,
          nicolae_elevator_lobby_plus, uniq_menkaure, uniq_duvessa, uniq_joseph
D:8:      layout_rooms, kennysheep_mini, nicolae_twisty_statue_hallways,
          uniq_psyche
D:9:      layout_loops_corners, minmay_tree_intersection, hangedman_ranch,
          uniq_erica
D:10:     layout_roguey, mainiacjoe_overflow_cross_hatched, orc_0_dummy,
          serial_shops, kennysheep_little_box, uniq_harold, uniq_erolcha
D:11:     cheibrodos_fzero, layout_basic, lair_entry_dummy
Temple:   hellmonk_temple_divided_pantheon

Skill      XL: |  1  2  3  4  5  6  7  8  9 10 11 12 |
---------------+-------------------------------------+-----
Ranged Weapons | 5 6 7 8 9 11 13 15 | 15.1
Fighting       | 3 4 5 6 8 10 | 10.4
Armour         | 1 2 3 4 |  4.0
Dodging        | 2 3 4 5 |  5.0
Invocations    | 4 |  4.4
Stealth        | |  1.1

Action                     |  1- 3 |  4- 6 |  7- 9 | 10-12 || total
---------------------------+-------+-------+-------+-------++-------
   Fire: Shortbow          |    67 |   123 |   270 |   198 ||   658
         Arbalest          |       |       |       |   138 ||   138
 Invoke: Heroism           |       |       |       |    17 ||    17
    Use: Scroll            |     6 |     3 |     5 |     8 ||    22
         Potion            |       |     2 |     2 |     4 ||     8
 Armour: Leather armour    |    11 |    25 |    28 |   134 ||   198
         Ring mail         |       |       |   146 |       ||   146
  Dodge: Dodged            |    10 |    32 |   262 |   156 ||   460
  Block: Other             |       |       |       |    21 ||    21
         Reflection        |       |       |       |     1 ||     1

Table legend:
 A = Non-vault XP
 B = Vault XP
 C = Vault XP percentage of total XP
 D = Non-vault monster count
 E = Vault monster count
 F = Vault count percentage of total count
                 A         B        C        D         E       F
            +---------+---------+-------+---------+---------+-------
      Total |    7999 |   11500 |  59.0 |     167 |      84 |  33.5
            +---------+---------+-------+---------+---------+-------
        D:1 |      36 |       0 |   0.0 |      20 |       0 |   0.0
        D:2 |      16 |      37 |  69.8 |       8 |       1 |  11.1
        D:3 |      55 |      43 |  43.9 |      24 |       8 |  25.0
        D:4 |     319 |     461 |  59.1 |      18 |      16 |  47.1
        D:5 |     449 |     298 |  39.9 |      18 |      13 |  41.9
        D:6 |     818 |     589 |  41.9 |      20 |      10 |  33.3
        D:7 |     567 |    1236 |  68.6 |       9 |      11 |  55.0
        D:8 |    1419 |     353 |  19.9 |      11 |       1 |   8.3
        D:9 |    2240 |    2504 |  52.8 |      21 |       7 |  25.0
       D:10 |    2025 |    1712 |  45.8 |      17 |       2 |  10.5
       D:11 |      55 |    4120 |  98.7 |       1 |      13 |  92.9
      Sewer |       0 |     147 | 100.0 |       0 |       2 | 100.0
            +---------+---------+-------+---------+---------+-------
